 Dungeon Crawl Stone Soup version 0.29.0-11-gd7f09526c8 (webtiles) character file.

Game seed: 9154583917878455244

756 Anamonty the Changer (level 7, -6/72 HPs)
             Began as an Octopode Transmuter on Sept 3, 2022.
             Mangled by an orc warrior
             ... wielding a +0 scimitar
              (11 damage)
             ... on level 5 of the Dungeon.
             The game lasted 00:10:31 (5059 turns).

Anamonty the Changer (Octopode Transmuter)          Turns: 5059, Time: 00:10:33

Health: -6/72      AC: 23    Str: 12    XL:     7   Next: 79%
Magic:  5/13       EV:  2    Int: 19    God:
Gold:   164        SH:  0    Dex: 18    Spells: 4/14 levels left

rFire   + . .      SeeInvis .   u - +5 hand axe of Abomination {speed, rF+ Will+ Int-2}
rCold   . . .      Faith    .   (no shield)
rNeg    . . .      Spirit   .   (helmet currently unavailable)
rPois   +          Reflect  .   (no amulet)
rElec   .          Harm     .   c - +6 ring of dexterity
rCorr   +          Rampage  .   h - ring of resist corrosion
Will    +....      NoTele   +   j - +6 ring of intelligence
Stlth   ++........              f - ring of wizardry
HPRegen 0.22/turn               (no ring)
MPRegen 0.13/turn               (no ring)
                                (no ring)
                                (no ring)

@: tree-form, wereblooded (expiring), very slightly contaminated
A: stationary, stasis, torment immunity, boosted hp, almost no armour,
(amphibious), 8 rings, (camouflage 1), (gelatinous body 1), (nimble swimmer 1),
(tentacles)
a: no special abilities


You were on level 5 of the Dungeon.
You were a tree.
You visited 1 branch of the dungeon, and saw 5 of its levels.
You also visited: Sewer.

You collected 761 gold pieces.
You spent 597 gold pieces at shops.

Inventory:

Hand Weapons
 d - a +0 sling
 u - the +5 hand axe of Abomination (weapon) {speed, rF+ Will+ Int-2}
   (You found it on level 3 of the Dungeon)

   Attacks with this weapon are significantly faster.
   Int:       It affects your intelligence (-2).
   rF:        It protects you from fire.
   Will:      It increases your willpower.
Jewellery
 c - a +6 ring of dexterity (left branch)
 f - a ring of wizardry (on tentacle)
 h - a ring of resist corrosion (right branch)
 j - a +6 ring of intelligence (on tentacle)
Scrolls
 g - a scroll of magic mapping
 l - 2 scrolls of fear
 m - 8 scrolls of teleportation
 n - 2 scrolls of silence
 r - a scroll of torment {unknown}
 t - a scroll of immolation {unknown}
 v - a scroll of brand weapon {unknown}
 w - 4 scrolls of noise
Potions
 a - a potion of lignification
 b - a potion of might
 e - 2 potions of attraction
 i - 2 potions of magic
 o - 2 potions of berserk rage {unknown}
 p - 2 potions of resistance
 q - a potion of flight
 s - a potion of ambrosia


   Skills:
 + Level 4.0 Fighting
 + Level 4.4 Dodging
 - Level 3.2 Unarmed Combat
 + Level 4.1 Spellcasting
 + Level 4.6 Transmutations


You had 4 spell levels left.
You knew the following spells:

 Your Spells              Type           Power      Damage    Failure   Level
a - Beastly Appendage     Tmut           42%        N/A       1%          1
b - Wereblood             Tmut           21%        N/A       1%          2
c - Spider Form           Tmut/Pois      12%        N/A       6%          3
d - Ice Form              Ice/Tmut       12%        N/A       21%         4

Your spell library contained the following spells:

 Spells                   Type           Power      Damage    Failure   Level
 Ignite Poison            Fire/Tmut/Pois 9%         N/A       9%          3
 Dazzling Flash           Conj/Hex       6%         N/A       16%         3
 Mephitic Cloud           Conj/Pois/Air  3%         N/A       16%         3
 Iskenderun's Mystic Bla  Conj/Tloc      3%         2d3       45%         4
 Agony                    Necr           3%         N/A       80%         5
 Freezing Cloud           Conj/Ice/Air   1%         6-21      80%         5
 Silence                  Hex/Air        1%         N/A       80%         5
 Starburst                Conj/Fire      1%         6d3       100%        6


Dungeon Overview and Level Annotations

Branches:
Dungeon (5/15)              Sewer (visited)
 Temple: D:4-7

Altars:
Kikubaaqudgha
Okawaru
Sif Muna

Shops:
D:2 ?!?


Innate Abilities, Weirdness & Mutations

You are a tree.
Your roots penetrate the ground, keeping you stationary.
You cannot be teleported.
You are immune to unholy pain and torment.
Your maximum health is greatly increased.
You cannot wear most types of armour.
((You are amphibious.))
You can wear up to eight rings at the same time.
((Your skin changes colour to match your surroundings (Stealth+).))
((Your rubbery body absorbs attacks. (AC +1, EV +1)))
((You are camouflaged when in or above water. (Stealth+)))
((You have tentacles for arms and can constrict up to eight enemies at once.))


Message History

You kill the orc priest!
You feel very sick.
You feel very sick.
Cleave: u) +5 hand axe of Abomination {speed, rF+ Will+ Int-2}
Press: ? - help, Dir - move target, f - you
Okay, then.
You feel sick.
You barely miss the orc warrior.
You feel sick.
The orc warrior hits you but does no damage.
You hit the orc warrior but do no damage.
You punch the orc warrior, but do no damage.
You feel sick.
The orc warrior hits you but does no damage.
You barely miss the orc warrior.
You feel sick.
The orc priest mumbles some strange prayers to Beogh against you.
Beogh smites you!
* * * LOW HITPOINT WARNING * * *
The orc warrior hits you but does no damage.
You hit the orc warrior but do no damage.
The orc priest looks encouraged for a moment.
The orc warrior hits you with a +0 scimitar.
* * * LOW HITPOINT WARNING * * *
You feel better.
The orc warrior hits you but does no damage.
Casting: Ice Form (dangerous; 21% risk of failure)
Confirm with . or Enter, or press ? or * to list all spells.
Okay, then.
You completely miss the orc warrior.
The orc priest looks encouraged for a moment.
The orc warrior hits you with a +0 scimitar.
* * * LOW HITPOINT WARNING * * *
You hit the orc warrior but do no damage.
You hit the orc warrior.
The orc warrior is lightly wounded.
Your primal bloodlust is almost over.
The orc priest calls down the wrath of Beogh upon you.
Beogh smites you!
* * * LOW HITPOINT WARNING * * *
The orc warrior hits you with a +0 scimitar!
You die... # ....... # ..... # ..... # ... #### oo.

# #.# #o# #.#.######<#
#o# ..#.#....#.#
#♣####......#.#.#
######......#........##
........###.#.#....#...
........# #............
........###.#...#......
...###............#....
... #..........#.#....
#+ ####.#..#..#......
#.##.#..#......


You could see an orc warrior, an orc priest and 2 orcs.

Vanquished Creatures
  Grinder (D:3)
  A bullfrog (Sewer)
  A gnoll sergeant (D:5)
  A scorpion (D:5)
  A jelly (D:4)
  A hound (D:4)
  An orc priest (D:5)
  2 iguanas (D:4)
  5 gnolls
  8 adders
  3 worms
  5 dart slugs
  8 ball pythons
  6 endoplasms
  16 giant cockroaches
  13 goblins
  5 hobgoblins
  7 quokkas
  9 bats
  7 frilled lizards (Sewer)
  8 kobolds
  6 rats
115 creatures vanquished.

Notes
Turn   | Place    | Note
-------+----------+-------------------------------------------
     0 | D:1      | Anamonty the Octopode Transmuter began the quest for the
                  | Orb.
     0 | D:1      | Reached XP level 1. HP: 13/13 MP: 3/3
   539 | D:1      | Reached XP level 2. HP: 18/18 MP: 5/5
   542 | D:1      | Learned a level 2 spell: Wereblood
  1033 | D:1      | Found a faded altar of an unknown god.
  1291 | D:2      | Reached XP level 3. HP: 22/23 MP: 6/6
  1327 | D:2      | Found Macsolip's Magic Scroll Boutique.
  1328 | D:2      | Found Zefiet's Distillery.
  1359 | D:2      | Learned a level 3 spell: Spider Form
  1428 | D:2      | Bought a scroll of identify for 26 gold pieces
  1428 | D:2      | Bought a scroll of identify for 26 gold pieces
  1428 | D:2      | Identified a scroll of acquirement
  1431 | D:2      | Acquired a ring of wizardry
  1454 | D:2      | Found Ziubysea's Magic Scroll Boutique.
  1554 | D:2      | Acquired 538 gold pieces
  1641 | D:2      | Bought a scroll of teleportation for 39 gold pieces
  1641 | D:2      | Bought a scroll of teleportation for 39 gold pieces
  1641 | D:2      | Bought a scroll of teleportation for 39 gold pieces
  1641 | D:2      | Bought a scroll of identify for 26 gold pieces
  1641 | D:2      | Bought a scroll of identify for 26 gold pieces
  1641 | D:2      | Bought a scroll of fear for 52 gold pieces
  1669 | D:2      | Bought 2 potions of heal wounds for 120 gold pieces
  1669 | D:2      | Bought a potion of degeneration for 12 gold pieces
  1669 | D:2      | Bought a potion of resistance for 120 gold pieces
  1669 | D:2      | Bought a potion of lignification for 36 gold pieces
  1669 | D:2      | Bought a potion of flight for 36 gold pieces
  1753 | D:2      | Reached XP level 4. HP: 19/29 MP: 5/7
  2351 | D:3      | Noticed Grinder
  2386 | D:3      | Killed Grinder
  2387 | D:3      | Reached XP level 5. HP: 22/36 MP: 1/9
  2387 | D:3      | Reached XP level 6. HP: 25/41 MP: 1/10
  2679 | D:3      | Identified the +5 hand axe of Abomination {speed, rF+ Will+
                  | Int-2}
  2744 | D:3      | Found an iron altar of Okawaru.
  2758 | D:3      | Found an ancient bone altar of Kikubaaqudgha.
  2760 | D:3      | Found a shimmering blue altar of Sif Muna.
  2894 | D:3      | Learned a level 4 spell: Ice Form
  3078 | D:4      | Found a glowing drain.
  3092 | Sewer    | Entered a sewer
  3174 | Sewer    | Reached XP level 7. HP: 45/46 MP: 7/12
  3992 | D:5      | Entered Level 5 of the Dungeon
  5059 | D:5      | Mangled by an orc warrior

Illustrated notes

Levels and vault maps discovered:
D:1:      amcnicky_arrival_wind_blow, layout_basic,
          dreamdust_ecumenical_altar_hidden_monk_grotto, minmay_cut_off
D:2:      layout_rooms, serial_shops, shop, nicolae_shop_crystal, shop,
          kennysheep_flooded_box, grunt_decor_junction, kennysheep_potato
D:3:      layout_basic, gammafunk_temple_overflow_forgotten, uniq_grinder
D:4:      layout_basic, gup_sewer_entry_pipe,
          amcnicky_mini_rare_corridor_liquid, hangedman_abyss_or_decor_stabs
D:5:      layout_basic

Skill      XL: |  1  2  3  4  5  6  7 |
---------------+----------------------+-----
Fighting       | 2 3 4 |  4.0
Transmutations | 3 4 |  4.6
Dodging        | 3 4 |  4.4
Spellcasting   | 3 4 |  4.1
Unarmed Combat | |  3.2

Action                   |  1- 3 |  4- 6 |  7- 9 || total
-------------------------+-------+-------+-------++-------
Melee: Unarmed           |    59 |    47 |    41 ||   147
       Kick              |     8 |     6 |     2 ||    16
       Constrict         |    13 |    21 |     8 ||    42
       Tentacles         |    10 |    10 |     6 ||    26
       Hand axe          |       |    37 |    46 ||    83
       Punch             |       |       |     1 ||     1
 Fire: Sling             |    16 |    15 |       ||    31
 Cast: Beastly Appendage |     9 |     4 |     2 ||    15
       Wereblood         |     1 |     2 |     4 ||     7
       Spider Form       |     1 |     3 |     2 ||     6
       Ice Form          |       |     1 |     6 ||     7
  Use: Scroll            |     7 |       |     4 ||    11
       Potion            |       |     2 |     3 ||     5
 Stab: Sleeping          |     8 |     2 |     5 ||    15
       Distracted        |       |     1 |       ||     1
       Fleeing           |       |       |     1 ||     1
Armor: Skin              |     2 |     3 |     7 ||    12
Dodge: Dodged            |    28 |    48 |    49 ||   125
